 Dungeon Crawl Stone Soup version 0.24-a0-487-g57318f2ed0 (webtiles) character file.

Game seed: 17940505790931873197

107 Mrkan the Chopper (level 4, -8/41 HPs)
             Began as a Hill Orc Monk on July 10, 2019.
             Killed by nerve-wracking pain
             ... invoked by an orc priest
              (13 damage)
             ... on level 3 of the Dungeon.
             The game lasted 00:03:31 (1645 turns).

Mrkan the Chopper (Hill Orc Monk)                   Turns: 1645, Time: 00:03:31

Health: -8/41      AC:  2    Str: 14    XL:     4   Next: 86%
Magic:  4/4        EV: 13    Int: 10    God:
Gold:   60         SH:  0    Dex: 13    Spells: 3/3 levels left

rFire    . . .     SeeInvis .   a - +0 hand axe
rCold    . . .     Gourm    .   (no shield)
rNeg     . . .     Faith    .   b - +0 robe
rPois    .         Spirit   .   (no helmet)
rElec    .         Reflect  .   (no cloak)
rCorr    .         Harm     .   (no gloves)
MR       .....                  (no boots)
Stlth    ++........             (no amulet)
HPRegen  0.13/turn              (no ring)
MPRegen  0.09/turn              (no ring)

@: no status effects
A: no striking features
a: Convert to Beogh


You were on level 3 of the Dungeon.
You were hungry.

You visited 1 branch of the dungeon, and saw 3 of its levels.

You collected 60 gold pieces.

Inventory:

Hand Weapons
 a - a +0 hand axe (weapon)
 j - a +0 hunting sling
Missiles
 f - 168 stones (quivered)
Armour
 b - a +0 robe (worn)
Jewellery
 h - an uncursed ring of protection from magic {unknown}
Scrolls
 d - a scroll of magic mapping {unknown}
 e - a scroll of identify {unknown}
 i - 2 scrolls of enchant armour {unknown}
 l - 4 scrolls of remove curse {unknown}
 n - a scroll of fog {unknown}
 o - a scroll of amnesia {unknown}
Potions
 g - 2 potions of might {unknown}
 k - 4 potions of curing
Comestibles
 c - 6 rations


   Skills:
 + Level 4.7 Fighting
 * Level 6.3 Axes
 - Level 2.4 Dodging
 - Level 1.5 Stealth


You had 3 spell levels left.
You didn't know any spells.
Your spell library contained the following spells:

 Spells                   Type           Power        Failure   Level  Hunger
 Magic Dart               Conj           #...         36%         1    ##.....
 Blink                    Tloc           N/A          50%         2    ###....
 Call Imp                 Summ           #.......     50%         2    ###....
 Slow                     Hex            #.......     50%         2    ###....
 Conjure Flame            Conj/Fire      #.......     75%         3    ####...
 Mephitic Cloud           Conj/Pois/Air  #.......     75%         3    ####...


Dungeon Overview and Level Annotations

Branches:
Dungeon (3/15)

Altars:
Ashenzari


Message History

k - 4 potions of curing (gained 2)
An orc comes into view. It is wielding a +0 hand axe.
An orc priest comes into view. It is wielding a +0 war axe.
There are monsters nearby!
The orc shouts!
The orc priest shouts, "Surrender to Beogh and we'll let you live!" (press Y on the ability menu to convert to Beogh)
The orc throws a boomerang.
The boomerang hits you.
The weapon returns to the orc!
The orc priest mumbles some strange prayers to Beogh against you.
Beogh smites you!
The kobold throws a stone.
The stone completely misses you.
The orc priest mumbles some strange prayers to Beogh against you.
Pain shoots through your body!
* * * LOW HITPOINT WARNING * * *
An orc comes into view. It is wielding a +0 whip.
The orc closely misses you.
The orc priest invokes the aid of Beogh against you.
Pain shoots through your body!
You die...

#. ## #. ..#. ####..#.. .#
#. ......o.#####.###### #.
###..#.#oK...#'#....# ####.#
.........o..#_#....# .......
#......@...###....# ......##
#.....<..........## .......#
#.................#
.......###......†.........?#
........†..........(........
.......######..##...........
.......# #..##..##.......
....<.## #...##...........
......# #.#.##.###.......


You could see an orc priest, 2 orcs and a kobold.

Vanquished Creatures
  3 adders
  An ooze (D:1)
  A worm (D:2)
  2 dart slugs
  A leopard gecko (D:1)
  3 orcs (D:2)
  2 ball pythons
  8 bats
  3 giant cockroaches
  6 goblins (D:1)
  7 hobgoblins
  9 jackals
  6 kobolds
  2 frilled lizards (D:2)
  7 rats
61 creatures vanquished.

Notes
Turn   | Place    | Note
-------+----------+-------------------------------------------
     0 | D:1      | Mrkan the Hill Orc Monk began the quest for the Orb.
     0 | D:1      | Reached XP level 1. HP: 19/19 MP: 1/1
    46 | D:1      | Reached XP level 2. HP: 11/27 MP: 2/2
   367 | D:1      | Reached skill level 5 in Axes
   406 | D:1      | Reached XP level 3. HP: 21/33 MP: 3/3
  1024 | D:2      | Reached XP level 4. HP: 40/41 MP: 4/4
  1116 | D:2      | Reached skill level 6 in Axes
  1197 | D:2      | HP: 2/41 [orc/+0 flail (7)]
  1632 | D:3      | Found a shattered altar of Ashenzari.
  1645 | D:3      | Killed from afar by an orc priest

Levels and vault maps discovered:
D:1:      lightli_arrival_statue_moat, layout_basic
D:2:      layout_basic
D:3:      layout_rooms, marbit_many_paths, ashenzari_conservatory_becter,
          chequers_ecumenical_altar_simple_redux, uniq_crazy_yiuf_cottage

Skill      XL: |  1  2  3  4 |
---------------+-------------+-----
Fighting       | 4 |  4.7
Axes           | 5 6 |  6.3
Dodging        | |  2.4
Stealth        | |  1.5

Action                   |  1- 3 |  4- 6 || total
-------------------------+-------+-------++-------
Melee: Hand axe          |   139 |    57 ||   196
  Use: Potion            |       |     1 ||     1
 Stab: Sleeping          |     2 |       ||     2
  Eat: Chunk             |       |     2 ||     2
Armor: Robe              |    34 |     4 ||    38
Dodge: Dodged            |   134 |    31 ||   165

Table legend:
 A = Non-vault XP
 B = Vault XP
 C = Vault XP percentage of total XP
 D = Non-vault monster count
 E = Vault monster count
 F = Vault count percentage of total count
                 A         B        C        D         E       F
            +---------+---------+-------+---------+---------+-------
      Total |     154 |       0 |   0.0 |      61 |       0 |   0.0
            +---------+---------+-------+---------+---------+-------
        D:1 |      70 |       0 |   0.0 |      36 |       0 |   0.0
        D:2 |      62 |       0 |   0.0 |      19 |       0 |   0.0
        D:3 |      22 |       0 |   0.0 |       6 |       0 |   0.0
            +---------+---------+-------+---------+---------+-------
